 Dungeon Crawl Stone Soup version 0.31-a0-246-g8cbcc1cb85 (webtiles) character file.

Game seed: 2433170095237297795

307 rabbitsville the Conjurer (level 6, -5/45 HPs)
             Began as a Hill Orc Conjurer on July 13, 2023.
             Was a Priest of Vehumet.
             Slain by Edmund
             ... wielding a +2 flail of holy wrath
              (15 damage)
             ... on level 4 of the Dungeon.
             The game lasted 00:12:06 (3814 turns).

rabbitsville the Conjurer (Hill Orc Conjurer)       Turns: 3814, Time: 00:12:07

Health: -5/45      AC:  2    Str: 10    XL:     6   Next: 40%
Magic:  1/9        EV: 11    Int: 20    God:    Vehumet [***...]
Gold:   148        SH:  0    Dex:  9    Spells: 5/9 levels left

rFire   . . .        h - +1 dagger (venom)
rCold   . . .        (no shield)
rNeg    . . .        a - +0 robe
rPois   .            q - +0 hat
rElec   .            (no cloak)
rCorr   .            (no gloves)
SInv    .            (no boots)
Will    +....        o - amulet of magic regeneration
Stlth   +            (no ring)
HPRegen 0.27/turn    (no ring)
MPRegen 0.51/turn

%: no passive effects
@: enlightened, flying
A: no striking features
a: Renounce Religion


You were on level 4 of the Dungeon.
You worshipped Vehumet.
Vehumet was most pleased with you.
You visited 1 branch of the dungeon, and saw 4 of its levels.

You collected 148 gold pieces.

Inventory:

Hand Weapons
 d - a +0 whip
 h - a +1 dagger of venom (weapon)
Armour
 a - a +0 robe (worn)
 q - a +0 hat (worn)
Jewellery
 o - an amulet of magic regeneration (around neck)
Wands
 l - a wand of roots (6)
Scrolls
 c - a scroll of teleportation
 f - 5 scrolls of identify {unknown}
 i - a scroll of poison {unknown}
 j - a scroll of brand weapon {unknown}
 m - a scroll of enchant armour {unknown}
 p - a scroll of enchant weapon {unknown}
Potions
 b - 2 potions of enlightenment
 e - 3 potions of curing {unknown}
 g - 2 potions of brilliance {unknown}
 k - a potion of magic
 n - a potion of attraction {unknown}


   Skills:
 - Level 1.5 Dodging
 - Level 1.5 Stealth
 + Level 2.1 Spellcasting
 * Level 6.5 Conjurations
 - Level 3.0 Fire Magic


You had 5 spell levels left.
You knew the following spells:

 Your Spells              Type           Power      Damage    Failure   Level
a - Magic Dart            Conj           100%       1d8       1%          1
b - Foxfire               Conj/Fire      84%        2x1d8     1%          1
c - Searing Ray           Conj           56%        2d6       1%          2

Your spell library contained the following spells:

 Spells                   Type           Power      Damage    Failure   Level
 Volatile Blastmotes      Fire/Tloc      16%        2d11      7%          3
 Dazzling Flash           Conj/Hex       30%        N/A       3%          3
 Fulminant Prism          Conj/Hex       7%         3d6       11%         4
 Iskenderun's Mystic Bla  Conj/Tloc      15%        2d5       11%         4
 Necrotise                Necr           8%         1d4       16%         1
 Vampiric Draining        Necr           2%         2d6       43%         3
 Agony                    Necr           2%         N/A       99%         5
 Alistair's Intoxication  Tmut/Pois      1%         N/A       99%         5
 Borgnjor's Vile Clutch   Necr/Erth      1%         N/A       99%         5
 Eringya's Noxious Bog    Tmut/Pois      1%         4d6       99%         6


Dungeon Overview and Level Annotations

Branches:
Dungeon (4/15)             Temple (0/1) D:4

Altars:
Makhleb
Trog
Vehumet

Annotations:
D:3 1 runed translucent door, Crazy Yiuf
D:4 Edmund


Message History

Edmund is severely wounded.
Edmund hits you with a +2 flail of holy wrath.
The searing ray hits Edmund but does no damage.
Edmund is severely wounded.
Edmund hits you with a +2 flail of holy wrath!
The searing ray hits Edmund.
Edmund is severely wounded.
You finish channelling your searing ray.
Edmund hits you with a +2 flail of holy wrath.
Aiming: Searing Ray (safe; 1% risk of failure)
Press: ? - help, Q - select action, (/) - cycle Shift-Dir - straight line, f/p - Edmund
Aim: Edmund, wielding a +2 flail of holy wrath and wearing a +0 scale mail (severely wounded, 82% to hit)
The searing ray hits Edmund.
Edmund is almost dead. (Press . to maintain the ray.) Edmund hits you with a +2 flail of holy wrath.
Aiming: Magic Dart (safe; 1% risk of failure)
Press: ? - help, Q - select action, (/) - cycle Shift-Dir - straight line, f/p - Edmund
Aim: Edmund, wielding a +2 flail of holy wrath and wearing a +0 scale mail (almost dead, 100% to hit)
The magic dart hits Edmund but does no damage.
Edmund is almost dead.
Edmund hits you with a +2 flail of holy wrath.
You completely miss Edmund.
Edmund is almost dead.
Edmund hits you with a +2 flail of holy wrath!
Aiming: Magic Dart (safe; 1% risk of failure)
Press: ? - help, Q - select action, (/) - cycle Shift-Dir - straight line, f/p - Edmund
Aim: Edmund, wielding a +2 flail of holy wrath and wearing a +0 scale mail (almost dead, 100% to hit)
The magic dart hits Edmund.
Edmund is almost dead.
Edmund completely misses you.
You barely miss Edmund.
Edmund is almost dead.
Edmund hits you with a +2 flail of holy wrath.
* * * LOW HITPOINT WARNING * * *
It was a potion of enlightenment.
You feel very buoyant.
You fly up into the air.
Edmund hits you with a +2 flail of holy wrath!
You die...

### #.......# #.#### ###...#####
##### .....#####...### ##...##...
.###.......#.# ##....<.... ##
###.....#.# ##..........
#######..#.#.#######.>.........
)................................
#######..##.....................#
#...###.###.@@<.......##...## ##
##.### #.# #.#.........#......
.###..#####.###.#.........#......
.....###....#.............#......
###..............................
##.#.................>.....))..
#.#............#...###...##รท##
###.#.....................##.)#
#...#...........#...#####.##..#


You could see Edmund.

Vanquished Creatures
  A scorpion (D:4)
  Terence (D:1)
  Natasha (thrice) (D:2)
  4 adders
  3 worms
  2 dart slugs
  8 orcs
  9 ball pythons
  8 bats
  4 endoplasms
  3 giant cockroaches
  12 goblins
  10 hobgoblins
  5 jackals
  3 quokkas
  A frilled lizard (D:2)
  13 kobolds
90 creatures vanquished.

Vanquished Creatures (others)
  38 foxfires
38 creatures vanquished.

Grand Total: 128 creatures vanquished

Notes
Turn   | Place    | Note
-------+----------+-------------------------------------------
     0 | D:1      | rabbitsville the Hill Orc Conjurer began the quest for the
                  | Orb.
     0 | D:1      | Reached XP level 1. HP: 14/14 MP: 3/3
   287 | D:1      | Found a faded altar of an unknown god.
   377 | D:1      | Prayed at the altar of an unknown god.
   377 | D:1      | Became a worshipper of Vehumet
   377 | D:1      | Reached * piety under Vehumet
   377 | D:1      | Offered knowledge of Foxfire by Vehumet.
   380 | D:1      | Learned a level 1 spell: Foxfire
   387 | D:1      | Reached XP level 2. HP: 20/20 MP: 1/4
   929 | D:1      | Reached XP level 3. HP: 26/26 MP: 5/5
   942 | D:1      | Reached skill level 1 in Fire Magic
  1079 | D:2      | Noticed Terence
  1091 | D:1      | Killed Terence
  1091 | D:1      | Offered knowledge of Scorch by Vehumet.
  1186 | D:1      | Learned a level 2 spell: Searing Ray
  1192 | D:2      | Noticed Natasha
  1221 | D:1      | Reached ** piety under Vehumet
  1222 | D:1      | Reached XP level 4. HP: 32/33 MP: 3/6
  1223 | D:1      | Reached skill level 5 in Conjurations
  1276 | D:2      | Killed Natasha
  1436 | D:2      | Noticed Natasha
  1439 | D:2      | Killed Natasha
  1476 | D:2      | Reached XP level 5. HP: 38/38 MP: 5/7
  1503 | D:2      | You fall into a shaft and drop 2 floors!
  1533 | D:4      | Found a staircase to the Ecumenical Temple.
  1618 | D:4      | Noticed Edmund
  2178 | D:2      | Offered knowledge of Volatile Blastmotes by Vehumet.
  2401 | D:2      | Noticed Natasha
  2409 | D:2      | Killed Natasha
  2558 | D:3      | Reached skill level 6 in Conjurations
  2746 | D:3      | Found a bloodstained altar of Trog.
  2970 | D:3      | Found a runed translucent door.
  2971 | D:3      | Noticed Crazy Yiuf
  2990 | D:3      | Found a burning altar of Makhleb.
  3455 | D:4      | Reached XP level 6. HP: 45/45 MP: 5/8
  3495 | D:4      | Reached *** piety under Vehumet
  3814 | D:4      | Slain by Edmund

Illustrated notes

Levels and vault maps discovered:
D:1:      amcnicky_arrival_gap_in_the_tavern_cellar, layout_basic,
          ebering_ecumenical_altar_petrified, minmay_misc_feat_chi,
          minmay_misc_feat_enclosed
D:2:      layout_loops_ring, uniq_terence, uniq_natasha
D:3:      layout_basic, trog_three_pillars_becter,
          nicolae_overflow_crystal_walls, minivault_23, uniq_crazy_yiuf_cottage
D:4:      layout_rooms, lemuel_temple_firewalk_b, uniq_edmund

Skill      XL: |  1  2  3  4  5  6 |
---------------+-------------------+-----
Fire Magic     | 1 2 3 |  3.0
Conjurations   | 5 6 |  6.5
Spellcasting   | 2 |  2.1
Dodging        | |  1.5
Stealth        | |  1.5

Action                     |  1- 3 |  4- 6 || total
---------------------------+-------+-------++-------
  Melee: Whip              |    12 |       ||    12
         Dagger            |       |     5 ||     5
   Cast: Magic Dart        |    48 |    39 ||    87
         Foxfire           |     7 |    13 ||    20
         Searing Ray       |     1 |    37 ||    38
    Use: Potion            |     1 |     1 ||     2
         Scroll            |       |     1 ||     1
 Armour: Robe              |     3 |     3 ||     6
  Dodge: Dodged            |    17 |    20 ||    37

Table legend: (Time is in decaauts)
 A = Elapsed time spent in this place.
 B = Non-inter-level travel time spent in this place.
 C = Inter-level travel time spent in this place.
 D = Time resting spent in this place.
 E = Time spent auto-exploring this place.
 F = Levels seen in this place.
 G = Mean time per level.
                   A        B        C        D        E       F      G
               +--------+--------+--------+--------+--------+-----+--------+
         Total |   3834 |   3775 |     59 |    374 |   2665 |   4 |  958.5 |
       Dungeon |   3834 |   3775 |     59 |    374 |   2665 |   4 |  958.5 |
               +--------+--------+--------+--------+--------+-----+--------+

Top non-repeatable levels by time:
     D:1: 1324 daAuts
     D:2: 1039 daAuts
     D:3: 912 daAuts
     D:4: 558 daAuts
